 Dungeon Crawl Stone Soup version 0.21.0 (webtiles) character file.

16142 inmateoo the Brawler (level 12, 0/75 HPs)
             Began as a Gargoyle Fighter on Jan 5, 2018.
             Was a High Priest of Cheibriados.
             Slain by Kirke (16 damage)
             ... on level 12 of the Dungeon.
             The game lasted 00:11:07 (9495 turns).

inmateoo the Brawler (Gargoyle Fighter)             Turns: 9495, Time: 00:11:09

Health: 0/75       AC:  0    Str: 36    XL:     12   Next: 34%
Magic:  15/16      EV: 13    Int: 22    God:    Cheibriados [*****.]
Gold:   385        SH:  0    Dex: 21    Spells: 9/11 levels left

rFire    . . .     SeeInvis .     - Unarmed
rCold    . . .     Gourm    .   (shield currently unavailable)
rNeg     + . .     Faith    .   (armour currently unavailable)
rPois    ∞         Spirit   .   (helmet currently unavailable)
rElec    .         Reflect  .   (cloak currently unavailable)
rCorr    .         Harm     .   (gloves currently unavailable)
MR       .....                  (boots currently unavailable)
Stlth    ++........             w - amulet of regeneration
HPRegen  0.62/turn              (ring currently unavailable)
MPRegen  0.15/turn              (ring currently unavailable)

@: pig-form (expiring), slowed, very slow
A: small, negative energy resistance 1, petrification resistance, rot immunity,
AC +8
a: Bend Time, Temporal Distortion, Slouch, Step From Time, Renounce Religion


You were on level 12 of the Dungeon.
You worshipped Cheibriados.
Cheibriados was extremely pleased with you.
You were hungry.
You were a filthy swine.
You visited 2 branches of the dungeon, and saw 13 of its levels.

You collected 823 gold pieces.
You spent 438 gold pieces at shops.

Inventory:

Armour
 b - a +0 shield (melded)
 l - the +0 pair of boots of the Meadowlark (melded) {-Cast rC++ Stlth+}
   (You acquired it on level 10 of the Dungeon)

   It greatly protects you from cold.
   It prevents spellcasting.
   It makes you more stealthy.
 v - a +0 pair of gloves of dexterity (melded)
 x - a +2 pair of boots
 y - a +2 cloak (melded)
 G - a +2 hat of magic resistance (melded)
 H - the cursed +1 chain mail of the Hall of Blades (melded) {Dex+3}
   (You bought it in a shop on level 10 of the Dungeon)

   It affects your dexterity (+3).
   It has a curse placed upon it.
Jewellery
 f - a +3 ring of protection (melded)
 s - an uncursed ring of fire
 w - an amulet of regeneration (around neck)
 C - an uncursed amulet of faith {unknown}
 D - an uncursed ring of ice
Wands
 r - a wand of enslavement (16)
 B - a wand of iceblast (13)
Scrolls
 e - 9 scrolls of remove curse
 g - 6 scrolls of enchant armour
 i - 7 scrolls of teleportation
 j - 2 scrolls of identify
 m - 3 scrolls of enchant weapon
 n - a scroll of fear
 E - a scroll of fog {unknown}
Potions
 c - 2 potions of might
 h - 2 potions of cancellation
 k - 2 potions of agility
 p - 4 potions of flight
 q - 6 potions of curing
 t - a potion of magic
 u - 2 potions of brilliance
 z - 2 potions of lignification
 A - a potion of heal wounds
Books
 a - a book of Misfortune

   Spells                             Type                      Level
   a - Confusing Touch                Hexes                        1
   b - Confuse                        Hexes                        3
   c - Gell's Gravitas                Translocation                3
   d - Petrify                        Transmutation/Earth          4
   e - Metabolic Englaciation         Hexes/Ice                    5
   f - Yara's Violent Unravelling     Hexes/Transmutation          5
Comestibles
 d - 15 rations


   Skills:
 + Level 8.6 Fighting
 - Level 3.2 Armour
 - Level 3.2 Shields
 * Level 16.5 Unarmed Combat
 + Level 6.2 Invocations


You had 9 spell levels left.
You knew the following spells:

 Your Spells              Type           Power        Failure   Level  Hunger
a - Apportation           Tloc           #.....       17%         1    ##.....
b - Summon Butterflies    Summ           #.......     17%         1    ##.....


Dungeon Overview and Level Annotations

Branches:
Dungeon (12/15)            Temple (1/1) D:4            Lair (0/6) D:9
    Orc (0/2) D:10

Altars:
Ashenzari
Cheibriados
Dithmenos
Elyvilon
Fedhas
Gozag
Hepliaklqana
Kikubaaqudgha
Makhleb
Nemelex Xobeh
Okawaru
Qazlal
Ru
Sif Muna
Trog
Uskayaw
Vehumet
Wu Jian
Xom
Yredelemnul
Zin
The Shining One

Shops:
D:10 [((((

Annotations:
D:12 Kirke


Innate Abilities, Weirdness & Mutations

You are resistant to torment.
((Your stone body is resilient. (AC +8)))
You are immune to poison.
You resist negative energy. (rN+)
((You are resistant to electric shocks. (rElec)))
((You can survive without breathing.))
You are immune to petrification.
You are immune to rotting.


Message History

Kirke shouts, "You pig!
I'll make you look the way you deserve."
Kirke hits you!
Unknown command.
You feel better.
You are feeling hungry.
Kirke hits you!!
* * * LOW HITPOINT WARNING * * *
Kirke points at you and mumbles some strange words.
You feel as though you will be slow longer.
Unknown command.
Unknown command.
You are stuck in your current form!
Unknown command.
Unknown command.
As you read the scroll of fear, it crumbles to dust.
You assume a fearsome visage.
Kirke easily resists.
The hog looks frightened! x2
The lindwurm looks frightened!
The hog looks frightened! x2
The orc looks frightened! x2; Cornered, the hog turns to fight! x2
Kirke hits you!
You die...

#.#....#..##
#.#....#..# #.#....#..#
..#....#..# ..#....#..#
#....'..#
..##########..######..#
............(.........#
#h# ..........# #@#
#######...# #h# #...#
.. +h# #...## ... #h#
#..... ...#+###.#
#..... ..†.....h#
#..... ......oo.#
#.....
.........#########
#.....


You could see Kirke, 4 hogs and an orc (fleeing).

Vanquished Creatures
  Gastronok (D:10)
  A two-headed ogre (D:9)
  The ghost of Anoose the Geomancer, a novice GrEE of Vehumet (D:8)
  An unseen horror (D:11)
  4 ugly things
  Joseph (D:10)
  2 hippogriffs
  Prince Ribbit (D:8)
  A spriggan (D:7)
  17 yaks
  2 hungry ghosts
  3 hogs (D:12)
  A steam dragon (D:9)
  4 vampire mosquitoes (D:12)
  6 orc warriors
  4 black bears
  A phantom (D:6)
  6 sky beasts
  An eye of draining (D:10)
  A necrophage (D:11)
  6 centaurs
  3 ogres
  A crocodile (D:8)
  8 bullfrogs
  A wyvern zombie (D:12)
  3 scorpions
  5 killer bees (D:8)
  7 wights
  A howler monkey (D:5)
  3 electric eels
  2 centaur zombies
  4 crimson imps
  4 hounds
  A quasit (D:7)
  2 bullfrog skeletons
  Crazy Yiuf (D:3)
  A jelly (D:10)
  6 orc priests
  Ijyb (D:3)
  Jessica (D:3)
  3 centaur skeletons
  Natasha (thrice) (D:3)
  2 iguanas
  9 worker ants
  10 orc wizards
  2 hound zombies
  Robin (D:3)
  4 gnolls (D:4)
  8 adders
  4 shadow imps
  3 oozes
  2 adder skeletons
  3 worms
  A dart slug (D:4)
  6 leopard geckos
  42 orcs
  2 ball pythons
  6 giant cockroaches
  14 goblins
  7 hobgoblins
  21 jackals
  7 kobolds
  7 quokkas
  5 bats
  2 frilled lizards
  A jackal skeleton (D:4)
  A quokka zombie (D:4)
  6 rats
302 creatures vanquished.

Notes
Turn   | Place    | Note
-------+----------+-------------------------------------------
     0 | D:1      | inmateoo the Gargoyle Fighter began the quest for the Orb.
     0 | D:1      | Reached XP level 1. HP: 14/14 MP: 1/1
   118 | D:1      | Reached XP level 2. HP: 17/19 MP: 2/2
   233 | D:1      | Reached skill level 3 in Unarmed Combat
   726 | D:1      | Reached XP level 3. HP: 23/23 MP: 3/3
   941 | D:2      | Found a bloodstained altar of Trog.
  1132 | D:2      | Reached skill level 4 in Unarmed Combat
  1436 | D:2      | Reached XP level 4. HP: 25/28 MP: 4/4
  1804 | D:3      | Noticed Ijyb
  1852 | D:3      | Killed Ijyb
  1948 | D:3      | Noticed Robin
  1958 | D:3      | Killed Robin
  1958 | D:3      | Reached skill level 5 in Unarmed Combat
  1958 | D:3      | Reached XP level 5. HP: 31/32 MP: 5/5
  2044 | D:3      | Noticed Natasha
  2061 | D:3      | Killed Natasha
  2143 | D:3      | Noticed Natasha
  2157 | D:3      | Killed Natasha
  2393 | D:3      | Noticed Jessica
  2396 | D:3      | Killed Jessica
  2396 | D:3      | Reached skill level 6 in Unarmed Combat
  2429 | D:3      | Noticed Natasha
  2439 | D:3      | Killed Natasha
  2439 | D:3      | Reached XP level 6. HP: 31/37 MP: 6/6
  2668 | D:3      | Found a runed door.
  2784 | D:3      | Noticed Crazy Yiuf
  2798 | D:3      | Killed Crazy Yiuf
  2937 | D:4      | Found a basalt altar of Yredelemnul.
  3102 | D:4      | Noticed a sky beast
  3122 | D:4      | Reached skill level 7 in Unarmed Combat
  3131 | D:4      | Killed a sky beast
  3131 | D:4      | Reached XP level 7. HP: 30/41 MP: 7/7
  3238 | D:4      | Found a staircase to the Ecumenical Temple.
  3266 | D:4      | Found a sacrificial altar of Ru.
  3294 | Temple   | Entered the Ecumenical Temple
  3571 | D:5      | Entered Level 5 of the Dungeon
  3588 | D:5      | Found a stormy altar of Qazlal.
  3653 | D:5      | Reached skill level 8 in Unarmed Combat
  3731 | D:5      | Reached skill level 9 in Unarmed Combat
  3735 | D:5      | Reached XP level 8. HP: 31/46 MP: 8/8
  4301 | D:6      | Found a shimmering altar of Xom.
  4311 | D:6      | Found a snail-covered altar of Cheibriados.
  4473 | D:6      | Reached skill level 10 in Unarmed Combat
  4511 | D:7      | Noticed a hippogriff
  4526 | D:6      | Became a worshipper of Cheibriados the Contemplative
  4538 | D:6      | Killed a hippogriff
  4565 | D:6      | Reached skill level 11 in Unarmed Combat
  4872 | D:6      | Reached XP level 9. HP: 51/51 MP: 9/9
  5300 | D:7      | Found a shattered altar of Ashenzari.
  5418 | D:7      | Reached * piety under Cheibriados
  5432 | D:7      | Reached skill level 12 in Unarmed Combat
  5759 | D:8      | Noticed Prince Ribbit
  5789 | D:8      | Noticed Anoose's ghost (novice GrEE)
  5817 | D:8      | Killed Anoose's ghost
  5817 | D:8      | Reached skill level 13 in Unarmed Combat
  5817 | D:8      | Reached XP level 10. HP: 33/56 MP: 10/10
  5829 | D:8      | Killed Prince Ribbit
  6083 | D:8      | Reached ** piety under Cheibriados
  6388 | D:8      | Found a basalt altar of Yredelemnul.
  6408 | D:8      | Reached skill level 14 in Unarmed Combat
  6617 | D:8      | Found an ancient bone altar of Kikubaaqudgha.
  6617 | D:8      | Found an iron altar of Okawaru.
  6906 | D:9      | Noticed a two-headed ogre
  6929 | D:9      | Killed a two-headed ogre
  7194 | D:9      | Found a staircase to the Lair.
  7500 | D:9      | Reached skill level 5 in Fighting
  7521 | D:9      | Reached *** piety under Cheibriados
  7605 | D:9      | Noticed a green ugly thing
  7620 | D:9      | Killed a green ugly thing
  7620 | D:9      | Reached skill level 15 in Unarmed Combat
  7620 | D:9      | Reached skill level 1 in Invocations
  7620 | D:9      | Reached XP level 11. HP: 64/64 MP: 10/12
  7811 | D:10     | Entered Level 10 of the Dungeon
  7830 | D:10     | Found Uxziat's Armour Shoppe.
  7855 | D:10     | Noticed Joseph
  7865 | D:10     | Killed Joseph
  7898 | D:10     | Found Boif's Antique Weapon Shop.
  7923 | D:10     | Found Houtuerph's Antique Weapon Shoppe.
  7974 | D:10     | Found Likeibem's Antique Weapon Shoppe.
  8003 | D:10     | Noticed Gastronok
  8017 | D:10     | Killed Gastronok
  8193 | D:10     | Bought a +0 pair of gloves of dexterity for 161 gold pieces
  8193 | D:10     | Bought the cursed +1 chain mail of the Hall of Blades {Dex+3} for 277 gold pieces
  8215 | D:10     | Identified a scroll of acquirement
  8216 | D:10     | Got a pair of jewelled boots
  8228 | D:10     | Identified the +0 pair of boots of the Meadowlark {-Cast rC++ Stlth+} (You acquired it on level 10 of the Dungeon)
  8272 | D:10     | Learned a level 1 spell: Apportation
  8274 | D:10     | Learned a level 1 spell: Summon Butterflies
  8346 | D:10     | Reached **** piety under Cheibriados
  8405 | D:10     | Found a staircase to the Orcish Mines.
  8489 | D:10     | Found Pehat's Weapon Boutique.
  8696 | D:11     | Noticed a white ugly thing
  8710 | D:11     | Killed a white ugly thing
  8806 | D:11     | Noticed a brown ugly thing
  8819 | D:11     | Killed a brown ugly thing
  8893 | D:11     | Reached skill level 16 in Unarmed Combat
  8958 | D:11     | Killed an unseen horror
  8958 | D:11     | Reached ***** piety under Cheibriados
  8958 | D:11     | Reached skill level 5 in Invocations
  9035 | D:11     | Reached XP level 12. HP: 73/73 MP: 15/15
  9473 | D:12     | Noticed Kirke
  9495 | D:12     | Slain by Kirke

Skill      XL: |  1  2  3  4  5  6  7  8  9 10 11 12 |
---------------+-------------------------------------+-----
Unarmed Combat | 3 4 5 6 7 9 11 13 15 16 | 16.5
Fighting       | 5 7 8 |  8.6
Invocations    | 1 5 6 |  6.2
Armour         | |  3.2
Shields        | |  3.2

Action                   |  1- 3 |  4- 6 |  7- 9 | 10-12 || total
-------------------------+-------+-------+-------+-------++-------
Melee: Unarmed           |   188 |   320 |   447 |   486 ||  1441
Invok: Slouch            |       |       |       |     1 ||     1
Evoke: Wand              |       |       |       |     2 ||     2
  Use: Scroll            |       |       |       |    20 ||    20
       Potion            |       |       |       |     1 ||     1
  Eat: Chunk             |     1 |     4 |     8 |     8 ||    21
       Ration            |       |     1 |     1 |       ||     2
Armor: Scale mail        |    50 |       |       |       ||    50
       Plate armour      |    52 |   212 |   315 |   114 ||   693
       Chain mail        |       |       |       |   156 ||   156
Dodge: Dodged            |    29 |    50 |    65 |    83 ||   227
Block: Shield            |    85 |   143 |   184 |   253 ||   665
